 Dungeon Crawl Stone Soup version 0.19.5 (webtiles) character file.

739 joejoepie the Cudgeler (level 7, 0/44 HPs)
             Began as a Gargoyle Berserker on Feb 13, 2017.
             Was a Priest of Trog.
             Slain by an ogre
             ... wielding a +0 giant spiked club
              (19 damage)
             ... on level 4 of the Dungeon on Mar 17, 2017.
             The game lasted 00:26:10 (3813 turns).

joejoepie the Cudgeler (Gargoyle Berserker)         Turns: 3813, Time: 00:26:10

Health: 0/44       AC: 12    Str: 22    XL:     7   Next: 75%
Magic:  7/7        EV: 12    Int:  7    God:    Trog [***...]
Gold:   228        SH:  0    Dex: 10    Spells: 0 memorised, 6 levels left

rFire  . . .     SeeInvis .     a - +0 mace
rCold  . . .     Gourm    .     g - +1 ring mail
rNeg   + . .     Faith    .     (no shield)
rPois  ∞         Spirit   .     (no helmet)
rElec  +         Reflect  .     (no cloak)
rCorr  .         Harm     .     (no gloves)
MR     .....                    h - +0 pair of boots
Stlth  +.........               (no amulet)
                                p - +3 ring of evasion
                                e - -3 ring of evasion

@: no status effects
A: negative energy resistance 1, electricity resistance, unbreathing,
petrification resistance, rot immunity, AC +4
a: Berserk, Trog's Hand, Burn Spellbooks, Renounce Religion


You were on level 4 of the Dungeon.
You worshipped Trog.
Trog was most pleased with you.
You were hungry.

You visited 1 branch of the dungeon, and saw 4 of its levels.

You collected 228 gold pieces.

Inventory:

Hand Weapons
 a - a +0 mace (weapon)
Missiles
 f - 48 sling bullets
 k - 85 stones (quivered)
Armour
 b - a +0 animal skin
 g - a +1 ring mail (worn)
 h - a +0 pair of boots (worn)
Jewellery
 e - a -3 ring of evasion (left hand)
 m - an uncursed ring of positive energy {unknown}
 p - a +3 ring of evasion (right hand)
Wands
 r - a wand of iceblast (5/15)
Scrolls
 l - a scroll of enchant armour
 o - 2 scrolls of teleportation
 u - a scroll of identify {unknown}
Potions
 j - a potion of curing
 t - a potion of cancellation {unknown}
Books
 q - a book of Misfortune

   Spells                             Type                      Level
   a - Confusing Touch                Hexes                        1
   b - Confuse                        Hexes                        3
   c - Gell's Gravitas                Hexes/Translocation          3
   d - Petrify                        Transmutation/Earth          4
   e - Metabolic Englaciation         Hexes/Ice                    5
   f - Yara's Violent Unravelling     Hexes/Transmutation          5
   Trog disapproves of the use of such an item.
Comestibles
 c - 3 bread rations
 d - 3 fruits
 i - 2 meat rations
 s - a slice of pizza


   Skills:
 + Level 5.1 Fighting
 + Level 6.4 Maces & Flails
 + Level 4.2 Armour
 + Level 3.1 Dodging
 + Level 0.8 Stealth


You had 6 spell levels left.
You didn't know any spells.

Dungeon Overview and Level Annotations

Branches:
Dungeon (4/15)
 Temple: D:4-7

Altars:

Annotations:
D:4 Grinder


Innate Abilities, Weirdness & Mutations

You are resistant to torment.
Your stone body is resilient. (AC +4)
You are immune to poison.
You resist negative energy. (rN+)
You are resistant to electric shocks. (rElec)
You can survive without breathing.
You are immune to petrification.
You are immune to rotting.


Message History

You hit the ogre.
The ogre is lightly wounded.
The ogre hits you with a giant spiked club!
Grinder comes into view.
You hit the ogre.
The ogre is moderately wounded.
Grinder moves out of view.
You hit the ogre.
The ogre is moderately wounded.
The ogre barely misses you.
You thump the ogre!
The ogre is severely wounded.
The ogre closely misses you.
You hit the ogre but do no damage.
The ogre is severely wounded.
The ogre hits you with a giant spiked club!!
You hit the ogre.
The ogre is almost dead.
The ogre hits you with a giant spiked club!!
You die...

..# #.......# #.#.# #.#
#.##.##.# #.#.# #.#
#.##.##.# #.#.# #.#
#.##.##.# #...# #.#
#.#...#.#
####...###.####.#.)...#
+......................
#...###.####.#.....#
#..@....# #.......#
##O###### ###.##### #..
#.# #.5 #.# #.. #.# .(.
#.# #..# #.# #.. #.# #
#.. .


You could see Grinder and an ogre.

Vanquished Creatures
  The ghost of Azzok the Cleaver, an amateur HOFi (D:3)
  2 ogres
  A phantom (D:3)
  A howler monkey (D:3)
  An iguana (D:4)
  7 gnolls
  8 adders
  A worm (D:2)
  4 dart slugs
  A leopard gecko (D:3)
  An orc (D:3)
  6 giant cockroaches
  8 goblins
  8 hobgoblins
  4 jackals (D:3)
  5 kobolds
  2 quokkas
  4 ball pythons
  4 bats
  5 frilled lizards
  11 rats
85 creatures vanquished.

Notes
Turn   | Place    | Note
-------+----------+-------------------------------------------
     0 | D:1      | joejoepie the Gargoyle Berserker began the quest for the Orb.
     0 | D:1      | Reached XP level 1. HP: 14/14 MP: 1/1
   196 | D:1      | Reached XP level 2. HP: 10/19 MP: 2/2
   377 | D:1      | Upgraded the game from 0.19.4-8-ga85b6b9 to 0.19.5
   728 | D:1      | Reached XP level 3. HP: 23/24 MP: 3/3
   932 | D:1      | Reached ** piety under Trog
  1410 | D:2      | Reached XP level 4. HP: 22/29 MP: 4/4
  1463 | D:2      | Reached skill level 4 in Maces & Flails
  2028 | D:3      | Reached XP level 5. HP: 33/33 MP: 5/5
  2108 | D:3      | Noticed Azzok's ghost (amateur HOFi)
  2440 | D:4      | Noticed an ogre
  2784 | D:3      | Killed Azzok's ghost
  2784 | D:3      | Reached skill level 5 in Maces & Flails
  2784 | D:3      | Reached XP level 6. HP: 38/38 MP: 6/6
  2824 | D:3      | Noticed a phantom
  2863 | D:3      | Reached *** piety under Trog
  2867 | D:3      | Killed a phantom
  2867 | D:3      | Reached XP level 7. HP: 27/44 MP: 7/7
  3137 | D:3      | Reached skill level 6 in Maces & Flails
  3581 | D:4      | Reached skill level 5 in Fighting
  3809 | D:4      | Noticed Grinder
  3813 | D:4      | Slain by an ogre

Skill      XL: |  1  2  3  4  5  6  7 |
---------------+----------------------+-----
Maces & Flails | 4 5 6 |  6.4
Armour         | 3 4 |  4.2
Dodging        | 2 3 |  3.1
Fighting       | 4 5 |  5.1
Stealth        | |  0.8

Action                   |  1- 3 |  4- 6 |  7- 9 || total
-------------------------+-------+-------+-------++-------
Melee: Mace              |   125 |   180 |    51 ||   356
Invok: Berserk           |       |     1 |       ||     1
  Use: Potion            |     5 |     2 |       ||     7
       Scroll            |     1 |     2 |     3 ||     6
  Eat: Chunk             |     2 |     6 |     1 ||     9
       Pizza             |       |     1 |       ||     1
Armor: Animal skin       |    14 |       |       ||    14
       Ring mail         |    69 |   119 |    10 ||   198
       Skin              |       |    13 |       ||    13
Dodge: Dodged            |    66 |    84 |    26 ||   176
